AoeStats
← Kritika

Arena

510944218Analyzed
4v4 RM · 8h ago on Oct 3, 2026· 30m 51s· 8 players
Game mode
Random Map
Map size
Large (8 player)
Population
200
Speed
Normal
Resources
Standard
Victory
Conquest
Starting age
Dark Age
Ending age
Imperial Age
RankedLock teamsTeams togetherTeam positionsShared explorationLock speedFull tech treeHidden civsTurbo modeCheats
Victory
Defeat
🇲🇽 Romans · Mexico
1386
+18
🇲🇽 Danes · Mexico
1381
+18
🇦🇷 Cumans · Argentina
1354
+19
🇨🇴 Burgundians · Colombia
1353
+19
🇰🇷 Britons · South Korea
1495
-22
🇰🇷 Ethiopians · South Korea
1463
-21
🇮🇳 Portuguese · India
1413
-18
🇰🇷 Armenians · South Korea
1300
-13
Herby
10:35 Feudal Age
9:35 Loom
14:13 Castle Age
12:22 Double-Bit Axe
13:29 Gold Mining
15:19 Bow Saw
22:32 Wheelbarrow
25:43 Hand Cart
26:09 Redemption
29:32 Ballistics
maxwell54
3:34 Double-Bit Axe
7:12 Horse Collar
11:12 Feudal Age
16:14 Castle Age
14:41 Bow Saw
14:55 Heavy Plow
16:13 Wheelbarrow
23:13 Loom
22:59 Elite Skirmisher
24:03 Fletching
25:10 Padded Archer Armor
26:55 Bodkin Arrow
27:37 Leather Archer Armor
28:01 Ballistics
28:07 Gold Mining
31:44 Imperial Age
30:00 Gold Shaft Mining
30:08 Scale Barding Armor
30:13 Forging
30:32 Hand Cart
31:27 Two-Man Saw
31:06 Crop Rotation
30:26 Town Watch
31:25 Chain Barding Armor
31:30 Burgundian Vineyards
[Pb] Komodo 3000
9:39 Feudal Age
13:30 Castle Age
19:36 Gambesons
19:58 Scale Mail Armor
21:49 Loom
22:41 Squires
24:23 Arson
26:00 Forging
28:01 Chain Mail Armor
30:04 Iron Casting
MATE
8:49 Feudal Age
9:42 Double-Bit Axe
11:19 Horse Collar
15:06 Wheelbarrow
20:38 Castle Age
20:24 Forging
20:58 Scale Mail Armor
20:47 Pikeman
22:11 Squires
22:59 Padded Archer Armor
22:35 Capped Ram
25:02 Chain Mail Armor
26:15 Iron Casting
27:03 Bow Saw
26:47 Arson
29:07 Hand Cart
28:39 Loom
28:40 Town Watch
29:46 Gold Mining
29:47 Stone Mining
30:19 Town Patrol
남조선사람
10:34 Feudal Age
14:31 Castle Age
13:01 Double-Bit Axe
13:32 Horse Collar
17:56 Fletching
19:57 Loom
20:22 Bodkin Arrow
21:37 Ballistics
23:59 Wheelbarrow
25:21 Padded Archer Armor
BaniWang
0:51 Loom
10:30 Feudal Age
14:23 Castle Age
12:16 Double-Bit Axe
12:40 Horse Collar
17:06 Stone Mining
PLEASE, PLEASE, PLEASE
11:12 Feudal Age
13:46 Horse Collar
18:49 Castle Age
17:15 Double-Bit Axe
18:36 Gold Mining
18:48 Fletching
19:56 Bodkin Arrow
Kritika
11:21 Feudal Age
13:11 Double-Bit Axe
15:38 Castle Age
13:46 Horse Collar
16:43 Bow Saw
16:33 Heavy Plow
20:14 Wheelbarrow
23:18 Hand Cart
23:16 Gold Mining
23:21 Stone Mining
28:49 Imperial Age
27:57 Loom
27:58 Town Watch
Connection lost

Rejoining the realm…

Still unreachable

The connection could not be restored.

Session expired

The server has moved on; the page needs a fresh start.